 Dungeon Crawl Stone Soup version 0.29.1 (webtiles) character file.

Game seed: 5191783098835739851

1263 QueenGhuleh the Cleaver (level 8, -10/71 HPs)
             Began as a Minotaur Berserker on Sept 13, 2022.
             Was a Priest of Trog.
             Mangled by an ice beast (12 damage)
             ... on level 6 of the Dungeon.
             The game lasted 00:07:22 (5241 turns).

QueenGhuleh the Cleaver (Minotaur Berserker)        Turns: 5241, Time: 00:07:23

Health: -10/71     AC: 12    Str: 25    XL:     8   Next: 27%
Magic:  7/7        EV:  8    Int: 10    God:    Trog [***...]
Gold:   282        SH:  0    Dex:  9    Spells: 7/7 levels left

rFire   . . .      SeeInvis .   D - +0 war axe
rCold   . . .      Faith    .   (no shield)
rNeg    . . .      Spirit   .   p - +0 plate armour
rPois   .          Reflect  .   (helmet restricted)
rElec   .          Harm     .   (no cloak)
rCorr   .          Rampage  .   (no gloves)
Will    .....                   (no boots)
Stlth   ..........              (no amulet)
HPRegen 0.21/turn               o - +6 ring of intelligence
MPRegen 0.10/turn               (no ring)

@: on berserk cooldown, slowed, very slow
A: horns 2, retaliatory headbutt
a: Renounce Religion, Berserk, Trog's Hand


You were on level 6 of the Dungeon.
You worshipped Trog.
Trog was most pleased with you.
You visited 1 branch of the dungeon, and saw 6 of its levels.

You collected 282 gold pieces.

Inventory:

Hand Weapons
 D - a +0 war axe (weapon)
Armour
 p - a +0 plate armour (worn)
Jewellery
 n - an amulet of guardian spirit
 o - a +6 ring of intelligence (left hand)
 t - a +4 ring of protection
Wands
 q - a wand of flame (34)
Scrolls
 b - a scroll of silence {unknown}
 c - 6 scrolls of identify {unknown}
 f - a scroll of acquirement {unknown}
 h - a scroll of fear {unknown}
 j - a scroll of magic mapping {unknown}
 m - 5 scrolls of enchant armour {unknown}
 r - a scroll of enchant weapon {unknown}
 u - 3 scrolls of teleportation {unknown}
 v - a scroll of immolation {unknown}
 y - 2 scrolls of blinking {unknown}
 z - a scroll of vulnerability {unknown}
 A - a scroll of torment {unknown}
Potions
 d - a potion of cancellation {unknown}
 e - a potion of brilliance {unknown}
 g - 3 potions of attraction {unknown}
 i - a potion of magic {unknown}
 k - 6 potions of curing {unknown}
 l - 2 potions of heal wounds {unknown}
 s - a potion of mutation {unknown}
 w - a potion of might {unknown}
 x - 2 potions of degeneration {unknown}
 B - a potion of ambrosia {unknown}
 C - a potion of resistance {unknown}


   Skills:
 + Level 6.3 Fighting
 + Level 9.2 Axes
 + Level 6.3 Armour
 + Level 3.3 Dodging
 + Level 0.3 Stealth


You had 7 spell levels left.
You didn't know any spells.
Your spell library was empty.

Dungeon Overview and Level Annotations

Branches:
Dungeon (6/15)
 Temple: D:4-7

Altars:
Ashenzari
Cheibriados
Hepliaklqana
Wu Jian

Shops:
D:2 =   D:3 ?   D:5 =:


Innate Abilities, Weirdness & Mutations

You have a pair of horns on your head.
You reflexively headbutt those who attack you in melee.


Message History

a +0 mace; a black bear corpse You barely miss the orc.
You headbutt the orc.
The orc is moderately wounded.
The centaur shoots an arrow.
The arrow hits you.
* * * LOW HITPOINT WARNING * * *
The orc hits you but does no damage.
You slash the orc!
You feel the power of Trog in you as your rage grows.
You kill the orc!
Trog accepts your kill.
The centaur shoots an arrow.
The arrow hits you but does no damage.
The centaur shoots an arrow.
The arrow barely misses you.
Things that are here:
a +0 trident; a +0 chain mail; an orc corpse You feel a strong urge to attack something.
You are no longer berserk.
You are exhausted.
You feel yourself slow down.
The centaur unwields a +0 shortbow.
The centaur wields a +0 whip.
The centaur barely misses you. x2
You barely miss the centaur. Your headbutt misses the centaur.
The centaur is heavily wounded.
You barely miss the ice beast. The centaur hits you with a +0 whip.
* * * LOW HITPOINT WARNING * * *
The centaur closely misses you. The ice beast closely misses you.
You furiously retaliate!
You headbutt the ice beast, but do no damage.
The centaur hits you but does no damage.
The centaur kicks you but does no damage.
You completely miss the centaur.
The centaur is heavily wounded.
You closely miss the ice beast. The centaur hits you with a +0 whip.
* * * LOW HITPOINT WARNING * * *
The centaur kicks you but does no damage.
The ice beast hits you but does no damage.
The centaur hits you but does no damage.
The centaur kicks you but does no damage.
The ice beast hits you.
* * * LOW HITPOINT WARNING * * *
The ice beast freezes you!
You die...

..........### .#
#....###
..........#.#..# #....
..
......##.....#####......
.....##..#....# ......)
###.....##..... ....#.
#.....!##..... ......
###....).#...... ...##.
#.......).......
.......c@).......
<......$Y........
.................
.................
##.##.####.##.... ## #.
.. #.## # .## .# .# .


You could see an ice beast and a centaur.

Vanquished Creatures
  3 black bears
  2 ogres
  2 centaurs (D:5)
  2 phantoms (D:5)
  A scorpion (D:4)
  A howler monkey (D:6)
  3 jellies
  An orc priest (D:2)
  3 hounds (D:5)
  2 iguanas
  Jessica (D:2)
  An orc wizard (D:6)
  An adder (D:5)
  A white imp (D:6)
  An ufetubus (D:6)
  A worm (D:2)
  3 dart slugs
  8 orcs
  4 bats
  11 endoplasms
  6 giant cockroaches
  8 goblins
  5 hobgoblins
  3 jackals (D:1)
  4 kobolds
  7 quokkas
  2 ball pythons (D:1)
  5 frilled lizards
  2 rats
94 creatures vanquished.

Vanquished Creatures (others)
  A white imp (D:6)
  A demonic plant (D:2)
  A fungus (D:2)
  2 withered plants (D:2)
5 creatures vanquished.

Grand Total: 99 creatures vanquished

Notes
Turn   | Place    | Note
-------+----------+-------------------------------------------
     0 | D:1      | QueenGhuleh the Minotaur Berserker began the quest for the
                  | Orb.
     0 | D:1      | Reached XP level 1. HP: 19/19 MP: 0/0
   229 | D:1      | Reached skill level 4 in Axes
   306 | D:1      | Reached XP level 2. HP: 24/27 MP: 1/1
   931 | D:1      | Reached XP level 3. HP: 33/33 MP: 2/2
  1138 | D:2      | Reached ** piety under Trog
  1283 | D:2      | Noticed Jessica
  1288 | D:2      | Killed Jessica
  1329 | D:2      | Found a snail-covered altar of Cheibriados.
  1381 | D:2      | Reached XP level 4. HP: 41/41 MP: 3/3
  1443 | D:2      | Reached skill level 5 in Axes
  1772 | D:2      | Found a faded altar of an unknown god.
  1780 | D:2      | Found Pekilit's Jewellery Shoppe.
  2349 | D:3      | Found Ybafaf's Magic Scroll Emporium.
  2415 | D:3      | Found an ornate altar of the Wu Jian Council.
  2501 | D:3      | Identified the +2 ring mail "Riar" {*Corrode Will+ MP+9
                  | Int+6}
  2963 | D:4      | Reached XP level 5. HP: 34/47 MP: 4/4
  3314 | D:4      | Found a broken altar of Ashenzari.
  3705 | D:4      | Reached skill level 5 in Fighting
  3705 | D:4      | Reached skill level 6 in Axes
  3961 | D:4      | Found a hazy altar of Hepliaklqana.
  4033 | D:5      | Entered Level 5 of the Dungeon
  4049 | D:5      | Noticed a phantom
  4061 | D:5      | Killed a phantom
  4062 | D:5      | Reached XP level 6. HP: 56/56 MP: 5/5
  4331 | D:5      | Found Etutoor's Book Shop.
  4443 | D:5      | Reached skill level 7 in Axes
  4443 | D:5      | Reached XP level 7. HP: 49/61 MP: 6/6
  4444 | D:5      | Reached skill level 5 in Armour
  4610 | D:5      | Reached *** piety under Trog
  4611 | D:5      | Reached skill level 8 in Axes
  5072 | D:5      | Found Razoupn's Jewellery Emporium.
  5218 | D:6      | Reached XP level 8. HP: 64/70 MP: 7/7
  5229 | D:6      | Reached skill level 9 in Axes
  5241 | D:6      | HP: 3/71 [centaur/+0 whip (4)]
  5241 | D:6      | Mangled by an ice beast

Illustrated notes

Levels and vault maps discovered:
D:1:      zelgadis_glass_arrival_small, layout_basic, minmay_pentomino_r2
D:2:      kennysheep_six_static_rooms, layout_basic,
          shapermc_ecumenical_altar_gd, basic_altar, serial_shops, shop,
          hex_tiny, serial_bayou_pond_a, uniq_jessica
D:3:      layout_basic, mainiacjoe_overflow_six_doors_small, serial_shops, shop
D:4:      layout_basic, lemuel_doored_altar, overflow_temple_1_default
D:5:      layout_loops_ring, serial_shops, nicolae_shop_hallway_stairs,
          nicolae_shop_waterfront
D:6:      layout_cave_pools, nicolae_overflow_hidden_temple,
          gup_sewer_entry_glass

Skill      XL: |  1  2  3  4  5  6  7  8 |
---------------+-------------------------+-----
Axes           | 4 5 6 7 8 9 |  9.2
Fighting       | 4 5 6 |  6.3
Armour         | 3 4 6 |  6.3
Dodging        | 3 |  3.3
Stealth        | |  0.3

Action                   |  1- 3 |  4- 6 |  7- 9 || total
-------------------------+-------+-------+-------++-------
Melee: Hand axe          |    71 |   122 |    27 ||   220
       Headbutt          |     8 |    23 |    13 ||    44
       Punch             |     1 |       |     2 ||     3
       War axe           |       |       |    40 ||    40
Invok: Berserk           |       |     1 |     1 ||     2
 Stab: Sleeping          |     1 |       |       ||     1
Armor: Animal skin       |     9 |       |       ||     9
       Ring mail         |     1 |     3 |       ||     4
       Plate armour      |       |    64 |    65 ||   129
       Chain mail        |       |     3 |       ||     3
Dodge: Dodged            |    31 |    60 |    35 ||   126
